[Event "ICCopen2017"]
[Site "Internet Chess Club"]
[Date "2017.03.26"]
[Round "2"]
[White "dhar2603"]
[Black "iphantom"]
[Result "1-0"]
[ICCResult "Black resigns"]
[WhiteElo "1829"]
[BlackElo "1531"]
[Opening "Réti opening"]
[ECO "A04"]
[NIC "QP.11"]
[Time "19:17:36"]
[TimeControl "180+0"]

1. Nf3 d6 2. d4 Nd7 3. c4 c6 4. Nc3 Qc7 5. e4 e5 6. Be2 Be7 7. O-O Ngf6 8.
d5 h6 9. h3 O-O 10. Be3 Kh7 11. Nd2 g5 12. Rc1 Rg8 13. b4 Nf8 14. c5 Ng6 15.
Nc4 Nf4 16. cxd6 Bxd6 17. dxc6 Bxb4 18. Nb5 Qe7 19. cxb7 Bxb7 20. a3 Rgd8
21. Qc2 Bc5 22. Bf3 a6 23. Nc3 Rd3 24. Bxf4 Rxc3 25. Qxc3 gxf4 26. Qxe5 Kg7
27. Qxe7 Bxe7 28. Ne5 Bxe4 29. Bxe4 Nxe4 30. Rc7 Kf6 31. Ng4+ Kg7 32. Re1
Bd6 33. Rd7 h5 34. Rxe4 hxg4 35. Rxd6 Rc8 36. Rxf4 gxh3 37. gxh3 Rc3 38. Kg2
Rxh3 39. Kxh3 {Black resigns} 1-0

[Event "ICCopen2017"]
[Site "Internet Chess Club"]
[Date "2017.03.26"]
[Round "2"]
[White "GreyWarden"]
[Black "SeventhWill"]
[Result "1-0"]
[ICCResult "Black forfeits on time"]
[WhiteElo "2011"]
[BlackElo "2563"]
[Opening "Sicilian: Canal-Sokolsky (Nimzovich-Rossolimo, Moscow) attack"]
[ECO "B51"]
[NIC "SI.01"]
[Time "19:18:30"]
[TimeControl "180+0"]

1. e4 c5 2. Nf3 d6 3. Bb5+ Nd7 4. O-O a6 5. Bxd7+ Bxd7 6. c3 Nf6 7. Re1 Bc6
8. d3 g6 9. Bg5 Bg7 10. Nbd2 O-O 11. a4 b5 12. axb5 axb5 13. Qc2 Qb6 14. Nf1
c4 15. Bxf6 cxd3 16. Qxd3 Bxf6 17. Nd4 Bd7 18. Ne3 e6 19. Ndc2 Ra4 20. Nb4
Qc5 21. Rad1 Be7 22. Nec2 Rc8 23. Nd4 h5 24. Qg3 Kg7 25. Kh1 h4 26. Qe3 Bf6
27. f4 Rh8 28. e5 dxe5 29. fxe5 Be7 30. Nd3 Qa7 31. Nf4 g5 32. Nh3 Kh6 33.
Nf3 Qxe3 34. Rxe3 g4 35. Nf2 Bc6 36. Nxh4 Bxh4 37. Nxg4+ Kg6 38. Rh3 Bg5 39.
Rxh8 Rxg4 40. Rg8+ Kf5 41. Rg1 Bf4 42. Rxg4 Kxg4 43. h3+ Kf5 44. Rf1 Kxe5
45. Kg1 Be3+ 46. Kh1 f5 47. Re1 f4 48. Kh2 Be4 49. g3 Kf5 50. gxf4 Kxf4 51.
Rf1+ Bf3 52. Re1 Ke4 53. Rf1 e5 54. Rg1 Bf4+ 55. Rg3 Bxg3+ 56. Kxg3 Ke3 57.
Kh4 e4 58. Kg5 {Black forfeits on time} 1-0

[Event "ICCopen2017"]
[Site "Internet Chess Club"]
[Date "2017.03.26"]
[Round "2"]
[White "institutano"]
[Black "Massada"]
[Result "0-1"]
[ICCResult "White forfeits on time"]
[WhiteElo "1783"]
[BlackElo "1543"]
[Opening "QGD: Tarrasch, Prague variation"]
[ECO "D33"]
[NIC "TD.09"]
[Time "19:18:43"]
[TimeControl "180+0"]

1. d4 d5 2. c4 e6 3. Nf3 c5 4. cxd5 exd5 5. Nc3 Nc6 6. g3 Nf6 7. Bg2 Be6 8.
O-O h6 9. h3 c4 10. Ne5 Rc8 11. g4 Be7 12. Bf4 a6 13. Qd2 b5 14. Nxc6 Rxc6
15. e4 O-O 16. Rad1 Re8 17. Rfe1 Bb4 {White forfeits on time} 0-1

[Event "ICCopen2017"]
[Site "Internet Chess Club"]
[Date "2017.03.26"]
[Round "2"]
[White "armand068new"]
[Black "Mormegil"]
[Result "1-0"]
[ICCResult "Black resigns"]
[WhiteElo "1257"]
[BlackElo "1711"]
[Opening "Dutch"]
[ECO "A80"]
[NIC "HD.12"]
[Time "19:22:17"]
[TimeControl "180+0"]

1. d4 f5 2. e3 Nf6 3. Nf3 g6 4. c4 Bg7 5. Nc3 O-O 6. Bd3 d6 7. Qc2 Qe8 8.
O-O e5 9. dxe5 dxe5 10. Be2 Nc6 11. a3 Be6 12. b4 e4 13. Nd4 Nxd4 14. exd4
c6 15. Be3 Rd8 16. d5 cxd5 17. cxd5 Nxd5 18. Nxd5 Bxa1 19. Nc7 Qe7 20. Nxe6
Qxe6 21. Bc4 Rd5 22. Qb3 Rfd8 23. Rxa1 Qe5 24. Rd1 Kg7 25. Bxd5 b6 26. Bd4
{Black resigns}
1-0

[Event "ICCopen2017"]
[Site "Internet Chess Club"]
[Date "2017.03.26"]
[Round "2"]
[White "BeerMeUpScotty"]
[Black "gannikus1992"]
[Result "0-1"]
[ICCResult "White resigns"]
[WhiteElo "1555"]
[BlackElo "2363"]
[Opening "Sicilian: dragon variation"]
[ECO "B70"]
[NIC "SI.15"]
[Time "19:22:06"]
[TimeControl "180+0"]

1. e4 c5 2. Nf3 d6 3. d4 cxd4 4. Nxd4 Nf6 5. Nc3 g6 6. Bc4 Bg7 7. Bb3 O-O 8.
f3 Nc6 9. Be3 Qa5 10. Qd2 Bd7 11. g4 Rfc8 12. h4 b5 13. O-O-O b4 14. Nce2
Nxd4 15. Nxd4 e5 16. Ne2 Be6 17. h5 Bxb3 {White resigns} 0-1

[Event "ICCopen2017"]
[Site "Internet Chess Club"]
[Date "2017.03.26"]
[Round "2"]
[White "Buscapina"]
[Black "sasukenakamura"]
[Result "1-0"]
[ICCResult "Black checkmated"]
[WhiteElo "2197"]
[BlackElo "1563"]
[Opening "Sicilian: Smith-Morra gambit"]
[ECO "B21"]
[NIC "SI.48"]
[Time "19:18:09"]
[TimeControl "180+0"]

1. e4 c5 2. d4 cxd4 3. c3 g6 4. Nf3 Bg7 5. cxd4 d5 6. exd5 Nf6 7. Nc3 Nxd5
8. Qb3 Nb6 9. Be3 O-O 10. Rd1 Nc6 11. d5 Ne5 12. Nxe5 Bxe5 13. Be2 Bd7 14.
O-O Bg7 15. Nb5 Bxb5 16. Qxb5 Qd7 17. Qb3 Qa4 18. Qd3 Bxb2 19. Rb1 Bf6 20.
a3 Rfd8 21. Bf3 Qc4 22. Qxc4 Nxc4 23. Rxb7 Nxa3 24. Bxa7 Nc4 25. Bc5 Nd2 26.
Rd1 Nxf3+ 27. gxf3 Ra5 28. Rc7 Kg7 29. Rc6 Rd7 30. Kg2 h5 31. h3 Ra4 32. Be3
Ra5 33. d6 exd6 34. Rcxd6 Rxd6 35. Rxd6 Rf5 36. Rd7 Bg5 37. Bd4+ Bf6 38. Be3
Bg5 39. Bd4+ Bf6 40. Bb6 Be5 41. Be3 Bf6 42. Bd2 Bg5 43. Bb4 Bf6 44. Rb7 Be5
45. Rb5 Bf4 46. Rb7 Bg5 47. Bc3+ Bf6 48. Bb4 Be5 49. Rb5 Bf6 50. Rb7 Be5 51.
Rb5 Bf6 52. Rb7 Be5 53. Rb5 Bf6 54. Rb7 Be5 55. Ba5 Bf6 56. Bd2 Bg5 57. Bc3+
Bf6 58. Bd2 Bg5 59. Bc3+ Bf6 60. Bd2 Bg5 61. Be1 Bf6 62. Kg3 Rg5+ 63. Kh2
Rf5 64. Kg2 Rg5+ 65. Kf1 Rf5 66. Ke2 Re5+ 67. Kf1 Rf5 68. Kg2 Rg5+ 69. Kf1
Rf5 70. Rb3 Be5 71. Bd2 Bf6 72. Ke2 Bg5 73. Be3 Bf6 74. Rb4 h4 75. Re4 g5
76. f4 Kg6 77. fxg5 Bxg5 78. Bxg5 Kxg5 79. Rg4+ Kh5 80. f4 Rf6 81. Kf3 Re6
82. Rg5+ Kh6 83. Kg4 Rg6 84. Kxh4 Rf6 85. Kg4 Rc6 86. h4 Rc1 87. h5 Kh7 88.
Kf5 f6 89. Kxf6 Rc6+ 90. Kf5 Rc7 91. Kg4 Rf7 92. Rf5 Rg7+ 93. Rg5 Kh8 94. f5
Rg8 95. h6 Rf8 96. Kh5 Kh7 97. Rg7+ Kh8 98. Kg6 Rf7 99. Rxf7 Kg8 100. Rg7+
Kh8 101. Re7 Kg8 102. Re8# {Black checkmated} 1-0

[Event "ICCopen2017"]
[Site "Internet Chess Club"]
[Date "2017.03.26"]
[Round "2"]
[White "bythebook"]
[Black "splashlee2010"]
[Result "1-0"]
[ICCResult "Black forfeits on time"]
[WhiteElo "1608"]
[BlackElo "1191"]
[Opening "Sicilian: Nimzovich-Rossolimo attack (without ...d6)"]
[ECO "B30"]
[NIC "SI.31"]
[Time "19:19:20"]
[TimeControl "180+0"]

1. e4 c5 2. Nf3 Nc6 3. Bb5 e6 4. c3 Nf6 5. Qe2 d6 6. O-O Be7 7. d4 cxd4 8.
cxd4 O-O 9. Nc3 a6 10. Bd3 h6 11. Rd1 Nb4 12. Bb1 Qc7 13. d5 e5 14. a3 Qa5
15. Bd2 Nc2 16. Bxc2 Bd7 17. Rac1 Rac8 18. h3 b5 19. Na2 Qb6 20. Nb4 a5 21.
Nc6 Bxc6 22. dxc6 Rxc6 23. Bb3 Rfc8 24. Rxc6 Rxc6 25. Nh4 Bf8 26. Nf5 a4 27.
Ba2 Rc2 28. Rb1 Qc5 29. Qd3 Ne8 30. Be3 Qc6 31. Bd5 Qc7 32. Qxb5 Nf6 33. Rd1
{Black forfeits on time}
1-0

[Event "ICCopen2017"]
[Site "Internet Chess Club"]
[Date "2017.03.26"]
[Round "2"]
[White "Aladdin"]
[Black "Filiron"]
[Result "0-1"]
[ICCResult "White checkmated"]
[WhiteElo "2295"]
[BlackElo "1680"]
[Opening "Sicilian: Najdorf, Byrne (English) attack"]
[ECO "B90"]
[NIC "SI.14"]
[Time "19:20:46"]
[TimeControl "180+0"]

1. e4 c5 2. Nf3 d6 3. d4 Nf6 4. Nc3 cxd4 5. Nxd4 a6 6. Be3 e5 7. Nb3 Be7 8.
Qd2 Be6 9. O-O-O Ng4 10. g3 Nxe3 11. Qxe3 Nd7 12. Kb1 Rc8 13. f4 O-O 14. f5
Bxb3 15. axb3 b5 16. Nd5 Nf6 17. h4 Nxd5 18. Rxd5 Rc5 19. Qxc5 dxc5 20. Rxd8
Rxd8 21. Bd3 Rd4 22. Re1 g6 23. fxg6 hxg6 24. Bf1 Rd2 25. Be2 Kg7 26. Kc1
Rd4 27. Bf3 c4 28. bxc4 Rxc4 29. Kd2 Rc6 30. Re3 Bc5 31. Rd3 b4 32. c3 a5
33. Bg4 bxc3+ 34. bxc3 a4 35. Rd5 a3 36. Kc2 Bd4 37. Kb3 Rxc3+ 38. Ka2 Rxg3
39. Bd7 Re3 40. Rb5 Rxe4 41. Kxa3 Rxh4 42. Rb7 Rf4 43. Kb3 g5 44. Kc2 g4 45.
Kd3 g3 46. Bh3 Bf2 47. Bg2 e4+ 48. Ke2 Bd4 49. Ke1 Bc3+ 50. Kd1 Rf2 51. Bxe4
g2 52. Bxg2 Rxg2 53. Rb3 Be5 54. Ke1 f5 55. Kf1 Rg4 56. Rb6 Rg1+ 57. Ke2
Rg2+ 58. Kf3 Rf2+ 59. Ke3 Rg2 60. Kf3 Rg3+ 61. Ke2 Rg6 62. Rb7+ Kh6 63. Kf3
Kg5 64. Kf2 Rh6 65. Kf3 Rh3+ 66. Kg2 Kg4 67. Kf2 Rh2+ 68. Kf1 Bf4 69. Kg1
Kf3 70. Kf1 Rh1# {White checkmated} 0-1

[Event "ICCopen2017"]
[Site "Internet Chess Club"]
[Date "2017.03.26"]
[Round "2"]
[White "ErnestoRondon"]
[Black "nurmi"]
[Result "0-1"]
[ICCResult "White checkmated"]
[WhiteElo "1860"]
[BlackElo "2307"]
[Opening "Queen's pawn game"]
[ECO "D02"]
[NIC "QP.08"]
[Time "19:19:20"]
[TimeControl "180+0"]

1. d4 d5 2. Nf3 Bf5 3. e3 Nf6 4. Bd3 Bg6 5. O-O e6 6. c4 c6 7. Nc3 Bd6 8.
Re1 Ne4 9. Bxe4 dxe4 10. Nd2 Nd7 11. h3 f5 12. f3 Nf6 13. fxe4 fxe4 14. Qe2
O-O 15. Rf1 e5 16. d5 Qe7 17. b3 Rf7 18. Bb2 Raf8 19. Rad1 Bc5 20. Na4 Bd6
21. c5 Bxc5 22. Nxc5 Qxc5 23. dxc6 Qxc6 24. Nc4 Qb5 25. Qd2 Nh5 26. Rxf7
Bxf7 27. Nxe5 Ng3 28. Nxf7 Rxf7 29. Qd8+ Rf8 30. Qd5+ Qxd5 31. Rxd5 h5 32.
Rd7 Rf7 33. Rxf7 Kxf7 34. Kf2 Nf5 35. g4 hxg4 36. hxg4 Ne7 37. Kg3 g5 38.
Kf2 Nd5 39. Ke2 Ke6 40. Kf2 Kd6 41. Bd4 a6 42. Ke2 Ke6 43. Kd2 Ne7 44. Kc3
Ng8 45. Kc4 Nh6 46. Kc5 Nxg4 47. Kb6 Nf2 48. Kxb7 g4 49. Bc3 g3 50. Be1 Kf5
51. Kxa6 Kg4 52. b4 Kf3 53. b5 g2 54. Bxf2 Kxf2 55. b6 g1=Q 56. b7 Qg8 57.
Ka7 Qxa2+ 58. Kb6 Qb3+ 59. Kc7 Kxe3 60. b8=Q Qxb8+ 61. Kxb8 Kd4 62. Kc7 e3
63. Kd6 e2 64. Kc6 e1=Q 65. Kd6 Qe5+ 66. Kc6 Kc4 67. Kd7 Kc5 68. Kd8 Qg7 69.
Ke8 Kc6 70. Kd8 Qd7# {White checkmated} 0-1

[Event "ICCopen2017"]
[Site "Internet Chess Club"]
[Date "2017.03.26"]
[Round "2"]
[White "applepear"]
[Black "MrNobody84"]
[Result "0-1"]
[ICCResult "White forfeits on time"]
[WhiteElo "1085"]
[BlackElo "1669"]
[Opening "King's pawn opening"]
[ECO "B07"]
[NIC "VO.17"]
[Time "19:26:41"]
[TimeControl "180+0"]

1. e4 d6 2. Nf3 Nd7 3. d4 c5 4. Nc3 cxd4 5. Nxd4 Ngf6 6. Bc4 e6 7. O-O Be7
8. Nf3 a6 9. Re1 Qc7 10. Bb3 O-O 11. Bg5 h6 12. Bh4 Nc5 13. Nd4 Nxb3 14.
Nxb3 b5 15. Nd4 Bb7 16. Nf3 b4 17. Na4 Nxe4 18. Bxe7 Qxe7 19. Nb6 Rab8
{White forfeits on time}
0-1

[Event "ICCopen2017"]
[Site "Internet Chess Club"]
[Date "2017.03.26"]
[Round "3"]
[White "chesscomet"]
[Black "blackjack721"]
[Result "1-0"]
[ICCResult "Black checkmated"]
[WhiteElo "1503"]
[BlackElo "1232"]
[Opening "Scandinavian (center counter) defense"]
[ECO "B01"]
[NIC "VO.17"]
[Time "19:29:38"]
[TimeControl "180+0"]

1. e4 d5 2. exd5 e5 3. Nc3 Bf5 4. Nf3 e4 5. Nd4 Bg6 6. Qe2 f5 7. f3 Nf6 8.
d3 c6 9. dxe4 cxd5 10. exd5+ Kf7 11. Qe6# {Black checkmated} 1-0

[Event "ICCopen2017"]
[Site "Internet Chess Club"]
[Date "2017.03.26"]
[Round "3"]
[White "EngHany"]
[Black "armand068new"]
[Result "1-0"]
[ICCResult "Black resigns"]
[WhiteElo "1846"]
[BlackElo "1256"]
[Opening "QGD: semi-Slav, Marshall gambit"]
[ECO "D31"]
[NIC "SL.06"]
[Time "19:29:39"]
[TimeControl "180+0"]

1. d4 d5 2. c4 e6 3. Nc3 c6 4. e4 Nf6 5. e5 Nfd7 6. Nf3 c5 7. cxd5 cxd4 8.
dxe6 fxe6 9. Nxd4 Nxe5 10. Bf4 Bd6 11. Ndb5 {Black resigns} 1-0

[Event "ICCopen2017"]
[Site "Internet Chess Club"]
[Date "2017.03.26"]
[Round "3"]
[White "ehkopean"]
[Black "Mighty-Penguin"]
[Result "0-1"]
[ICCResult "White resigns"]
[WhiteElo "1750"]
[BlackElo "2105"]
[Opening "Ruy Lopez: Schliemann defense"]
[ECO "C63"]
[NIC "RL.06"]
[Time "19:29:45"]
[TimeControl "180+0"]

1. e4 e5 2. Nf3 Nc6 3. Bb5 f5 4. d3 fxe4 5. dxe4 Nf6 6. Bxc6 bxc6 7. Qe2 d6
8. Bg5 Be7 9. Nc3 Be6 10. O-O O-O 11. Rfd1 Qe8 12. b3 Qg6 13. Kh1 Rf7 14.
Be3 Nxe4 15. Nxe4 Qxe4 16. Qa6 Rxf3 17. gxf3 Qxf3+ 18. Kg1 Bh3 {White
resigns} 0-1

[Event "ICCopen2017"]
[Site "Internet Chess Club"]
[Date "2017.03.26"]
[Round "3"]
[White "SONICS71"]
[Black "sacov"]
[Result "0-1"]
[ICCResult "White resigns"]
[WhiteElo "1781"]
[BlackElo "2139"]
[Opening "Scandinavian (center counter) defense"]
[ECO "B01"]
[NIC "VO.17"]
[Time "19:30:44"]
[TimeControl "180+0"]

1. e4 d5 2. Nc3 dxe4 3. Nxe4 Nf6 4. Nxf6+ gxf6 5. d4 Nc6 6. c3 e5 7. Qe2 Bd6
8. Nf3 Be6 9. Be3 Qd7 10. b3 O-O-O 11. dxe5 fxe5 12. O-O-O Ba3+ 13. Kb1
Qxd1+ {White resigns} 0-1

[Event "ICCopen2017"]
[Site "Internet Chess Club"]
[Date "2017.03.26"]
[Round "3"]
[White "Soulbrother"]
[Black "ShiningArmor"]
[Result "1-0"]
[ICCResult "Black checkmated"]
[WhiteElo "1374"]
[BlackElo "1521"]
[Opening "Scandinavian (center counter) defense"]
[ECO "B01"]
[NIC "VO.17"]
[Time "19:29:58"]
[TimeControl "180+0"]

1. e4 d5 2. e5 e6 3. Nf3 c5 4. d3 a6 5. Nbd2 Nc6 6. Be2 Qc7 7. O-O Nge7 8.
c3 Bd7 9. d4 c4 10. Ng5 h6 11. Nh3 O-O-O 12. b3 b5 13. bxc4 bxc4 14. Rb1 Na7
15. Ba3 Nec6 16. Qa4 Bxa3 17. Qxa6+ Qb7 18. Qxb7# {Black checkmated} 1-0

[Event "ICCopen2017"]
[Site "Internet Chess Club"]
[Date "2017.03.26"]
[Round "3"]
[White "FytinFrank"]
[Black "Synapse"]
[Result "1-0"]
[ICCResult "Black resigns"]
[WhiteElo "1894"]
[BlackElo "1426"]
[Opening "Alekhine's defense: Scandinavian variation"]
[ECO "B02"]
[NIC "AL.10"]
[Time "19:30:04"]
[TimeControl "180+0"]

1. e4 Nf6 2. Nc3 d5 3. e5 d4 4. Nce2 Ng4 5. f4 c5 6. Ng3 h5 7. Bc4 h4 8. Ne4
Bf5 9. d3 Bxe4 10. dxe4 e6 11. Qxg4 Nc6 12. Nf3 Qa5+ 13. Bd2 Qb6 14. b3 Na5
15. Bd3 Rc8 16. f5 c4 17. fxe6 fxe6 18. bxc4 Nxc4 19. Qg6+ Ke7 20. Bg5+ Kd7
21. Qf7+ Kc6 22. Qxe6+ Kc7 23. Qxc4+ Kb8 24. Qb3 Bb4+ 25. Kf2 Rc3 26. Qd5
Rd8 27. Bxd8 {Black resigns} 1-0

[Event "ICCopen2017"]
[Site "Internet Chess Club"]
[Date "2017.03.26"]
[Round "3"]
[White "simplerxiao"]
[Black "chigato"]
[Result "1-0"]
[ICCResult "Black resigns"]
[WhiteElo "2103"]
[BlackElo "1683"]
[Opening "Caro-Kann defense"]
[ECO "B15"]
[NIC "CK.05"]
[Time "19:30:02"]
[TimeControl "180+0"]

1. e4 c6 2. d4 d5 3. Nc3 Be6 4. e5 Qd7 5. Nge2 f6 6. Nf4 Bf7 7. Qe2 e6 8. g3
c5 9. dxc5 Bxc5 10. Ncxd5 Nc6 11. exf6 gxf6 12. Bh3 Nd8 13. O-O h6 14. Bd2
a6 15. Bc3 Be7 16. Rad1 Kf8 17. Nxf6 {Black resigns} 1-0

[Event "ICCopen2017"]
[Site "Internet Chess Club"]
[Date "2017.03.26"]
[Round "3"]
[White "neverend"]
[Black "king-lear"]
[Result "1-0"]
[ICCResult "Black resigns"]
[WhiteElo "2557"]
[BlackElo "1900"]
[Opening "Trompowsky attack (Ruth, Opocenský opening)"]
[ECO "A45"]
[NIC "QP.07"]
[Time "19:29:28"]
[TimeControl "180+0"]

1. d4 Nf6 2. Bg5 Ne4 3. Bf4 d5 4. e3 Bf5 5. f3 Nf6 6. c4 c6 7. Nc3 e6 8. g4
Bg6 9. Qb3 Qb6 10. c5 Qxb3 11. axb3 h5 12. g5 Nfd7 13. b4 h4 14. Nh3 Be7 15.
Rg1 a5 16. Bc7 O-O 17. Rxa5 Rxa5 18. bxa5 Na6 19. Bxa6 bxa6 20. Nf4 Bd3 21.
Nxd3 {Black resigns} 1-0

[Event "ICCopen2017"]
[Site "Internet Chess Club"]
[Date "2017.03.26"]
[Round "3"]
[White "Cramagica"]
[Black "starfiasch"]
[Result "0-1"]
[ICCResult "White checkmated"]
[WhiteElo "1095"]
[BlackElo "1551"]
[Opening "Bird's opening"]
[ECO "A02"]
[NIC "VO.07"]
[Time "19:30:15"]
[TimeControl "180+0"]

1. f4 c6 2. Nf3 d5 3. e3 Bg4 4. h3 Bxf3 5. Qxf3 Nd7 6. b3 e5 7. fxe5 Nxe5 8.
Qf2 Nf6 9. Bb2 Ne4 10. Qf4 Ng6 11. Qg4 Bd6 12. Bxg7 Bg3+ 13. Ke2 Rg8 14. Bb2
Nf4+ 15. exf4 Rxg4 16. hxg4 Qe7 17. Rxh7 O-O-O 18. Kd1 Nf2+ 19. Kc1 Qe1#
{White checkmated}
0-1

[Event "ICCopen2017"]
[Site "Internet Chess Club"]
[Date "2017.03.26"]
[Round "3"]
[White "Baerenstarker"]
[Black "sanguine"]
[Result "1-0"]
[ICCResult "Black resigns"]
[WhiteElo "1827"]
[BlackElo "1035"]
[Opening "Queen's gambit accepted"]
[ECO "D26"]
[NIC "QG.03"]
[Time "19:29:50"]
[TimeControl "180+0"]

1. d4 d5 2. c4 dxc4 3. e3 Nf6 4. Bxc4 e6 5. Nf3 Bb4+ 6. Bd2 Bxd2+ 7. Qxd2
O-O 8. O-O Ne4 9. Qe2 c5 10. Nc3 Nxc3 11. bxc3 cxd4 12. exd4 Nc6 13. Bd3 f5
14. Rfe1 Qc7 15. Ng5 Qe7 16. h4 Rf6 17. Bc4 Rh6 18. g3 Bd7 19. Nxe6 Bxe6 20.
Bxe6+ Rxe6 21. Qxe6+ Qxe6 22. Rxe6 f4 23. Rae1 fxg3 24. fxg3 Rf8 25. Re8
Rxe8 26. Rxe8+ Kf7 27. Re2 Ne7 28. c4 Nf5 29. Rf2 g6 30. g4 {Black resigns}
1-0

[Event "ICCopen2017"]
[Site "Internet Chess Club"]
[Date "2017.03.26"]
[Round "3"]
[White "Darnoc"]
[Black "halski"]
[Result "1-0"]
[ICCResult "Black resigns"]
[WhiteElo "2913"]
[BlackElo "2410"]
[Opening "Queen's Indian accelerated"]
[ECO "A50"]
[NIC "QP.07"]
[Time "19:29:58"]
[TimeControl "180+0"]

1. d4 Nf6 2. c4 b6 3. Nc3 Bb7 4. Qc2 d5 5. cxd5 Nxd5 6. e4 Nxc3 7. bxc3 e5
8. Nf3 exd4 9. Bc4 dxc3 10. Ng5 Qd4 11. Bxf7+ Ke7 12. Be3 Qf6 13. O-O-O Nc6
14. f4 Nb4 15. Qa4 Nc6 16. e5 Qf5 17. Be6 {Black resigns} 1-0

[Event "ICCopen2017"]
[Site "Internet Chess Club"]
[Date "2017.03.26"]
[Round "3"]
[White "MikeWzd"]
[Black "marabu"]
[Result "0-1"]
[ICCResult "White resigns"]
[WhiteElo "1754"]
[BlackElo "2122"]
[Opening "Pirc defense"]
[ECO "B07"]
[NIC "PU.08"]
[Time "19:30:35"]
[TimeControl "180+0"]

1. d4 d6 2. e4 Nf6 3. f3 e5 4. d5 Be7 5. Be3 O-O 6. c4 Nfd7 7. Nc3 a5 8. Qd2
Na6 9. Bd3 Ndc5 10. Nge2 Nxd3+ 11. Qxd3 f5 12. O-O Bg5 13. Bxg5 Qxg5 14.
exf5 Nc5 15. Qc2 Bxf5 16. Ne4 Qe3+ 17. Kh1 Bxe4 18. fxe4 Nxe4 19. Ng3 Nf2+
20. Kg1 Nd1+ 21. Kh1 Rxf1+ 22. Nxf1 Nf2+ {White resigns} 0-1

[Event "ICCopen2017"]
[Site "Internet Chess Club"]
[Date "2017.03.26"]
[Round "3"]
[White "cheslikeyomama"]
[Black "ziggyalbert"]
[Result "1-0"]
[ICCResult "Black resigns"]
[WhiteElo "1529"]
[BlackElo "1299"]
[Opening "Queen's pawn game"]
[ECO "D00"]
[NIC "QP.08"]
[Time "19:30:09"]
[TimeControl "180+0"]

1. d4 d5 2. e3 Nc6 3. f4 f5 4. c3 e6 5. Bd3 Nf6 6. Nf3 Ne4 7. O-O h6 8. Nbd2
g5 9. Ne5 Nxe5 10. fxe5 Be7 11. Qh5+ Kf8 12. g4 Qe8 13. Qh3 Kg7 14. gxf5
exf5 15. Qg2 Nxd2 16. Bxd2 Qd7 17. Bxf5 Qd8 18. Bc2 Be6 19. e4 dxe4 20. Bxe4
c6 21. d5 Bxd5 22. Bxd5 Qxd5 23. Qxd5 c5 {Black resigns} 1-0

[Event "ICCopen2017"]
[Site "Internet Chess Club"]
[Date "2017.03.26"]
[Round "3"]
[White "DreadHead"]
[Black "SPARNALIQ"]
[Result "0-1"]
[ICCResult "White resigns"]
[WhiteElo "2431"]
[BlackElo "3102"]
[Opening "Nimzovich-Larsen attack"]
[ECO "A01"]
[NIC "VO.08"]
[Time "19:30:31"]
[TimeControl "180+0"]

1. b3 a5 2. Bb2 a4 3. b4 e6 4. a3 Nf6 5. e3 d5 6. Nf3 c5 7. bxc5 Bxc5 8. d4
Be7 9. c4 O-O 10. Nbd2 Nc6 11. Bd3 b6 12. O-O Bb7 13. Qe2 Bd6 14. Ne5 Re8
15. f4 Ne7 16. Rac1 Ba6 17. c5 Bxd3 18. Qxd3 bxc5 19. dxc5 Bxe5 20. fxe5 Ng4
21. h3 Nh6 22. g4 Nc6 23. Bd4 Rb8 24. Rb1 Qc7 25. Nf3 Na5 26. Rb4 Nc4 27.
Rxa4 Ra8 28. Rxa8 Rxa8 29. Ra1 f6 30. Qc3 Nf7 31. exf6 Qg3+ {White resigns}
0-1

[Event "ICCopen2017"]
[Site "Internet Chess Club"]
[Date "2017.03.26"]
[Round "3"]
[White "alejandrorios"]
[Black "RobbieWilliams"]
[Result "1-0"]
[ICCResult "Black resigns"]
[WhiteElo "1970"]
[BlackElo "1838"]
[Opening "Alekhine's defense: modern, Panov variation"]
[ECO "B05"]
[NIC "AL.03"]
[Time "19:30:24"]
[TimeControl "180+0"]

1. e4 Nf6 2. e5 Nd5 3. d4 d6 4. Nf3 Bg4 5. h3 Bh5 6. exd6 exd6 7. c4 Nb6 8.
Be3 Nc6 9. Nc3 Be7 10. Rc1 Bf6 11. b3 O-O 12. Be2 Re8 13. O-O a6 14. Re1 d5
15. c5 Nc8 16. g4 Bg6 17. Qd2 h5 18. Nh2 hxg4 19. hxg4 Bg5 20. Bxg5
{Black resigns}
1-0

[Event "ICCopen2017"]
[Site "Internet Chess Club"]
[Date "2017.03.26"]
[Round "3"]
[White "GranTorre"]
[Black "charlestehace"]
[Result "0-1"]
[ICCResult "White resigns"]
[WhiteElo "1893"]
[BlackElo "2919"]
[Opening "English: Nimzo-English opening"]
[ECO "A05"]
[NIC "EO.59"]
[Time "19:30:24"]
[TimeControl "180+0"]

1. Nf3 Nf6 2. c4 e6 3. Nc3 Bb4 4. g4 O-O 5. g5 Ne8 6. h4 d5 7. e3 c5 8. Qc2
Nc6 9. a3 Ba5 10. Bd3 f5 11. gxf6 Nxf6 12. b3 Bxc3 13. Qxc3 d4 14. Qc2 e5
15. Ng5 h6 16. Ne4 Qe7 17. Bb2 Bf5 18. O-O-O Rad8 19. Nxf6+ Qxf6 20. Be4 d3
{White resigns}
0-1

[Event "ICCopen2017"]
[Site "Internet Chess Club"]
[Date "2017.03.26"]
[Round "3"]
[White "TerryR"]
[Black "jefferyx"]
[Result "0-1"]
[ICCResult "White resigns"]
[WhiteElo "2259"]
[BlackElo "2776"]
[Opening "King's Indian: Torre attack"]
[ECO "A48"]
[NIC "QP.01"]
[Time "19:29:47"]
[TimeControl "180+0"]

1. d4 Nf6 2. Nf3 g6 3. Bg5 Bg7 4. Nbd2 h6 5. Bh4 d6 6. c3 b6 7. e4 g5 8. Bg3
Nh5 9. Bb5+ c6 10. Bc4 e6 11. Qe2 Qe7 12. a4 Nd7 13. Bd3 Bb7 14. a5 O-O 15.
e5 Nxg3 16. exd6 Qxd6 17. hxg3 f5 18. Nc4 Qe7 19. a6 Bc8 20. Nfe5 Nxe5 21.
Nxe5 Qd6 22. Rd1 Bd7 23. f4 g4 24. Bc4 Rae8 25. Kf2 Bc8 26. Bb3 Qc7 27. Qc4
c5 28. Ba4 Rd8 29. b4 Rd5 30. dxc5 Rxd1 31. Rxd1 Bxe5 32. fxe5 Qxe5 33. cxb6
f4 34. b7 Qe3+ {White resigns} 0-1

[Event "ICCopen2017"]
[Site "Internet Chess Club"]
[Date "2017.03.26"]
[Round "3"]
[White "gibert"]
[Black "tolialuisan"]
[Result "1-0"]
[ICCResult "Black resigns"]
[WhiteElo "1509"]
[BlackElo "1508"]
[Opening "French: King's Indian attack"]
[ECO "C00"]
[NIC "FR.02"]
[Time "19:30:56"]
[TimeControl "180+0"]

1. e4 e6 2. d3 d5 3. exd5 exd5 4. d4 Nf6 5. Nf3 Be7 6. Bd3 O-O 7. O-O h6 8.
Bf4 c6 9. Nbd2 Bg4 10. c3 Nbd7 11. Qc2 Re8 12. Rae1 Nh5 13. Be3 Qc7 14. Ne5
Nxe5 15. dxe5 c5 16. f3 c4 17. Bh7+ Kh8 18. fxg4 {Black resigns} 1-0

[Event "ICCopen2017"]
[Site "Internet Chess Club"]
[Date "2017.03.26"]
[Round "3"]
[White "Ataraxia"]
[Black "rugsy"]
[Result "1-0"]
[ICCResult "Black resigns"]
[WhiteElo "1921"]
[BlackElo "1432"]
[Opening "Old Benoni defense"]
[ECO "A43"]
[NIC "OI.09"]
[Time "19:29:33"]
[TimeControl "180+0"]

1. d4 c5 2. Nf3 cxd4 3. Nxd4 Nf6 4. Nc3 g6 5. g3 Bg7 6. Bg2 a6 7. O-O O-O 8.
e4 Nc6 9. Re1 Nxd4 10. Qxd4 Nh5 11. Qc4 b5 12. Qb3 Bb7 13. Bg5 Nf6 14. Rad1
Qc7 15. Bf4 e5 16. Bg5 Rac8 17. a3 Rfd8 18. Rd2 Qc4 19. Red1 Qxb3 20. cxb3
Bc6 21. Nd5 Bxd5 22. exd5 d6 23. a4 Rc7 24. axb5 axb5 25. Ra1 Rdc8 26. h4
Rc1+ 27. Rxc1 Rxc1+ 28. Kh2 Kf8 29. b4 Rc4 30. b3 Rxb4 31. Rc2 Ne8 32. Rc8
Rxb3 33. Bh3 f5 34. Bf1 b4 35. Bb5 Rc3 36. Rxe8+ Kf7 37. Re7+ Kg8 38. Bd7
Bf8 39. Be6+ {Black resigns} 1-0